AoeStats
← El Fantasma de Pancho Villa

Pilgrims

509965743Analyzed
4v4 RM · 2d ago on Sep 28, 2026· 20m 57s· 8 players
Game mode
Random Map
Map size
Large (8 player)
Population
200
Speed
Normal
Resources
Standard
Victory
Conquest
Starting age
Dark Age
Ending age
Imperial Age
RankedLock teamsTeams togetherTeam positionsShared explorationLock speedFull tech treeHidden civsTurbo modeCheats
Victory
Defeat
🇲🇽 Danes · Mexico
1156
+12
🇺🇸 Cumans · United States
1122
+14
🇵🇹 Koreans · Portugal
1116
+14
🇦🇷 Poles · Argentina
1064
+16
🇦🇷 Saracens · Argentina
1125
-16
🇦🇷 Koreans · Argentina
1080
-14
🇦🇷 Varangians · Argentina
1062
-14
🇦🇷 Berbers · Argentina
1031
-12
victor_mv7
5:01 Loom
12:16 Feudal Age
12:39 Double-Bit Axe
12:42 Fishing Lines
13:08 Man-at-Arms
16:50 Castle Age
14:41 Man-at-Arms
16:51 Forging
17:36 Scale Mail Armor
17:17 Long Swordsman
17:55 Gillnets
20:01 Fletching
20:55 Arson
21:24 Bodkin Arrow
El Fantasma de Pancho Villa
10:50 Loom
12:53 Feudal Age
13:48 Double-Bit Axe
13:26 Man-at-Arms
14:38 Scale Mail Armor
18:46 Wheelbarrow
Zé Gui
7:41 Loom
9:31 Feudal Age
10:46 Stone Mining
20:26 Fletching
1979
5:14 Loom
13:16 Feudal Age
15:22 Scale Barding Armor
16:00 Bloodlines
18:20 Double-Bit Axe
19:08 Forging
20:36 Wheelbarrow
23:33 Castle Age
Tuxilion
7:36 Loom
13:40 Feudal Age
14:31 Man-at-Arms
22:04 Castle Age
PEPO
9:30 Loom
11:15 Feudal Age
16:45 Fishing Lines
bicente
6:32 Loom
12:25 Feudal Age
15:34 Fletching
gabo2584
6:40 Loom
15:32 Feudal Age
21:58 Castle Age
Connection lost

Rejoining the realm…

Still unreachable

The connection could not be restored.

Session expired

The server has moved on; the page needs a fresh start.